 Dungeon Crawl Stone Soup version 0.30.0-11-gf55b779eaf (webtiles) character file.

Game seed: 3699996162043932628

7 Jackthecabe the Sneak (level 2, -2/15 HPs)
             Began as a Vine Stalker Brigand on May 16, 2023.
             Slain by a gnoll
             ... wielding a +0 club
              (7 damage)
             ... on level 1 of the Dungeon.
             The game lasted 00:00:36 (196 turns).

Jackthecabe the Sneak (Vine Stalker Brigand)         Turns: 196, Time: 00:00:37

Health: -2/15      AC:  3    Str: 13    XL:     2   Next: 0%
Magic:  0/3        EV: 11    Int: 11    God:
Gold:   0          SH:  0    Dex: 15    Spells: 1/1 levels left

rFire   . . .        a - +2 dagger
rCold   . . .        (no shield)
rNeg    . . .        b - +0 robe
rPois   .            (no helmet)
rElec   .            c - +0 cloak
rCorr   .            (no gloves)
SInv    .            (no boots)
Will    .....        (no amulet)
Stlth   +++          (no ring)
HPRegen 0.22/turn    (no ring)
MPRegen 0.08/turn

%: guardian spirit
@: no status effects
A: fangs 2, magic shield, antimagic bite, no potion heal 2
a: no special abilities


You were on level 1 of the Dungeon.
You visited 1 branch of the dungeon, and saw 1 of its levels.


Innate Abilities, Weirdness & Mutations

You have extremely sharp teeth.
When hurt, damage is shared between your health and your magic reserves.
Your bite disrupts and absorbs the magic of your enemies.
Potions cannot restore your health.


   Skills:
 - Level 1.7 Fighting
 + Level 2.4 Short Blades
 - Level 1.7 Throwing
 - Level 0.7 Dodging
 - Level 4.8 Stealth


You had one spell level left.
You didn't know any spells.
Your spell library was empty.

Inventory:

Hand Weapons
 a - a +2 dagger (weapon)
Missiles
 d - 5 poisoned darts (quivered)
Armour
 b - a +0 robe (worn)
 c - a +0 cloak (worn)

Dungeon Overview and Level Annotations

Branches:
Dungeon (1/15)

Altars:

# #.# # #.# #
##### #.# #
#...#####.#
###'#.......#
#..###†####.#
###'#+#..#
#.#
#..##...##
#.#
###'#+#'#.#
#@#
#<..#..##.#
#g#
###+#'#'#.#
#(# #..##...#
#.# ###'#'#.#
#.# #..##.#
#.# ###'#.#
#(# #...# #(#
##### #.#


You could see a gnoll (extremely poisoned, slow).


Message History

Press: ? - help, Shift-Dir - straight line, f - kobold
Aim: a kobold, wielding a +0 short sword (moderately wounded, 50% to hit)
You throw a poisoned dart. The poisoned dart hits the kobold.
The kobold is poisoned.
The kobold is moderately wounded.
Throw: 7 darts (poison)
Press: ? - help, Shift-Dir - straight line, f/p - kobold
Aim: a kobold, wielding a +0 short sword (heavily wounded, poisoned, 50% to hit)
You throw a poisoned dart.
The poisoned dart closely misses the kobold.
The poisoned dart closely misses the gnoll.
You kill the kobold!
You have reached level 2!
Unknown command.
Throw: 6 darts (poison)
Press: ? - help, Shift-Dir - straight line, f - gnoll
Aim: a gnoll, wielding a +0 club (heavily wounded, very poisoned, slow, 61% to hit)
You throw a poisoned dart. The poisoned dart hits the gnoll.
The gnoll looks as sick as possible!
The gnoll is heavily wounded.
You are too injured to fight recklessly!
You are too injured to fight recklessly!
You are too injured to fight recklessly!
You are too injured to fight recklessly!
You are too injured to fight recklessly!
You are too injured to fight recklessly!
You hit the gnoll but do no damage.
The gnoll is almost dead.
The gnoll hits you with a +0 club!
You die...

Skill      XL: |  1 |
---------------+----+-----
Short Blades   | 2 |  2.4
Fighting       | |  1.7
Throwing       | |  1.7
Dodging        | |  0.7
Stealth        | |  4.8

Action                     || total
---------------------------++-------
  Melee: Dagger            ||    10
         Bite              ||     2
  Throw: Dart              ||     7
   Stab: Sleeping          ||     2
 Armour: Robe              ||     8
  Dodge: Dodged            ||    10

Levels and vault maps discovered:
D:1:      erik_arrival_triangle_medium, layout_basic, minmay_close_crescents

Notes
Turn   | Place    | Note
-------+----------+-------------------------------------------
     0 | D:1      | Jackthecabe the Vine Stalker Brigand began the quest for
                  | the Orb.
     0 | D:1      | Reached XP level 1. HP: 11/11 MP: 2/2
   153 | D:1      | Reached skill level 2 in Short Blades
   165 | D:1      | HP: 1/11 [kobold/+0 short sword (2)]
   185 | D:1      | HP: 1/11 [goblin/+0 dagger (2)]
   195 | D:1      | Reached XP level 2. HP: 5/15 MP: 1/3
   196 | D:1      | Slain by a gnoll

Vanquished Creatures
  A goblin (D:1)
  A hobgoblin (D:1)
  2 kobolds (D:1)
  2 rats (D:1)
6 creatures vanquished.

Table legend: (Time is in decaauts)
 A = Elapsed time spent in this place.
 B = Non-inter-level travel time spent in this place.
 C = Inter-level travel time spent in this place.
 D = Time resting spent in this place.
 E = Time spent auto-exploring this place.
 F = Levels seen in this place.
 G = Mean time per level.
                   A        B        C        D        E       F      G
               +--------+--------+--------+--------+--------+-----+--------+
         Total |    194 |    194 |      0 |      0 |    142 |   1 |  194.0 |
       Dungeon |    194 |    194 |      0 |      0 |    142 |   1 |  194.0 |
               +--------+--------+--------+--------+--------+-----+--------+

Top non-repeatable levels by time:
     D:1: 194 daAuts

Table legend:
 A = Non-vault XP
 B = Vault XP
 C = Vault XP percentage of total XP
 D = Non-vault monster count
 E = Vault monster count
 F = Vault count percentage of total count
                 A         B        C        D         E       F
            +---------+---------+-------+---------+---------+-------
      Total |       1 |       9 |  90.0 |       1 |       5 |  83.3
            +---------+---------+-------+---------+---------+-------
        D:1 |       1 |       9 |  90.0 |       1 |       5 |  83.3
            +---------+---------+-------+---------+---------+-------
